 Dungeon Crawl Stone Soup version 0.27-a0-1189-gb8eb6cee8e (webtiles) character file.

Game seed: 4044804145831703054

286 bisexualwizard the Cleaver (level 6, -2/52 HPs)
             Began as a Hill Orc Abyssal Knight on May 22, 2021.
             Was a Believer of Lugonu.
             Succumbed to a water moccasin's poison
             ... on level 3 of the Dungeon.
             The game lasted 00:09:12 (4679 turns).

bisexualwizard the Cleaver (HOAK)                   Turns: 4679, Time: 00:09:13

Health: -2/52      AC: 10    Str: 17    XL:     6   Next: 30%
Magic:  8/8        EV:  9    Int: 12    God:    Lugonu [**....]
Gold:   102        SH:  0    Dex: 10    Spells: 5/5 levels left

rFire    . . .     SeeInvis .   l - +2 hand axe (elec)
rCold    . . .     Faith    .   (no shield)
rNeg     . . .     Spirit   .   f - +0 scale mail
rPois    .         Reflect  .   g - +0 helmet
rElec    .         Harm     .   c - +2 cloak
rCorr    .         Rampage  .   (no gloves)
Will     .....                  (no boots)
Stlth    ..........             (no amulet)
HPRegen  0.17/turn              (no ring)
MPRegen  0.11/turn              (no ring)

@: lethally poisoned (-2 -> -18), attractive
A: no striking features
a: Renounce Religion, Depart the Abyss, Bend Space


You were on level 3 of the Dungeon.
You worshipped Lugonu.
Lugonu was pleased with you.
You visited 1 branch of the dungeon, and saw 4 of its levels.
You visited the Abyss 1 time.

You collected 102 gold pieces.

Inventory:

Hand Weapons
 a - a +1 hand axe
 l - a +2 hand axe of electrocution (weapon)
Armour
 b - a +0 leather armour
 c - a +2 cloak (worn)
 f - a +0 scale mail (worn)
 g - a +0 helmet (worn)
Wands
 i - a wand of flame (13)
 m - a wand of iceblast (8)
Potions
 d - 2 potions of attraction
 e - 3 potions of lignification
 h - a potion of brilliance
 j - a potion of mutation {unknown}
 k - a potion of curing {unknown}


   Skills:
 - Level 3.7 Fighting
 * Level 8.3 Axes
 - Level 2.1 Armour
 - Level 0.7 Dodging
 + Level 0.1 Stealth
 + Level 2.8 Invocations


You had 5 spell levels left.
You didn't know any spells.
Your spell library was empty.

Dungeon Overview and Level Annotations

Branches:
Dungeon (4/15)
 Temple: D:4-7

Altars:
Ru
Beogh

Annotations:
D:2 1 runed translucent door, Crazy Yiuf
D:3 3 runed translucent doors, Orlauf's ghost, weakling HOFi


Message History

You hit the water moccasin but do no damage.
The water moccasin bites you!
You closely miss the water moccasin. The water moccasin bites you.
You are poisoned.
The water moccasin poisons you!
You barely miss the water moccasin.
You feel very sick. The water moccasin barely misses you.
You feel very sick. The water moccasin closely misses you.
You feel sick.
You feel sick.
You feel sick.
The water moccasin bites you but does no damage.
You feel sick.
You feel sick. The water moccasin misses you.
Things that are here:
a +0 flail; a +0 spear; a +0 spear You feel sick.
Things that are here:
a +0 ring mail; a +0 flail You feel sick.
There is a stone staircase leading up, spattered with blood here.
You feel sick.
You are no longer poisoned.
The water moccasin bites you.
* * * LOW HITPOINT WARNING * * *
You are poisoned.
The water moccasin poisons you! The water moccasin bites you.
* * * LOW HITPOINT WARNING * * *
You are more poisoned.
The water moccasin poisons you!
You climb upwards.
Level annotation: 3 runed translucent doors, Orlauf's ghost, weakling HOFi
* * * LOW HITPOINT WARNING * * *
You feel extremely sick.
There is a stone staircase leading down here.
It was a potion of attraction.
You feel attractive to monsters.
You die...

# #..#.......##......... ########
##.#......##.......... .......#
#.......##......#.... .......#
##.....##.....#####.. .......#
#....##.....## ##. .......#
#...##8....## ## .......#
##...#....## # .......#
#S..'....# .......# ##@.'...##
.......# #..'....# .......#
#.##..).## # '####### #.##8....##
## .### #.###.....## ##. ...#
#.####.....#####..
.#.#############....##......#....
.#..............<##..##..........
####################..##.........


You could see a water moccasin.

Vanquished Creatures
  A jelly (D:3)
  Ijyb (D:3)
  Terence (D:3)
  An orc wizard (D:4)
  6 gnolls
  4 adders
  2 worms
  A dart slug (D:1)
  5 orcs
  3 ball pythons
  3 bats
  3 endoplasms
  4 giant cockroaches
  5 goblins
  7 hobgoblins
  15 jackals
  4 kobolds
  A quokka (D:3)
  3 frilled lizards
  6 rats
76 creatures vanquished.

Notes
Turn   | Place    | Note
-------+----------+-------------------------------------------
     0 | Abyss:1  | bisexualwizard the Hill Orc Abyssal Knight began the quest
                  | for the Orb.
     0 | Abyss:1  | Reached XP level 1. HP: 19/19 MP: 2/2
    44 | D:1      | Escaped the Abyss
   171 | D:1      | Found a faded altar of an unknown god.
   207 | D:1      | Reached skill level 3 in Axes
   215 | D:1      | Reached XP level 2. HP: 12/27 MP: 3/3
   602 | D:1      | Reached skill level 4 in Axes
   763 | D:1      | Reached XP level 3. HP: 25/33 MP: 5/5
  1289 | D:2      | Reached skill level 5 in Axes
  1427 | D:2      | Reached ** piety under Lugonu
  1520 | D:2      | Reached XP level 4. HP: 29/40 MP: 6/6
  1699 | D:2      | Found a runed translucent door.
  1700 | D:2      | Noticed Crazy Yiuf
  2331 | D:2      | Reached skill level 6 in Axes
  2955 | D:3      | Reached XP level 5. HP: 13/46 MP: 7/7
  3195 | D:3      | Noticed Terence
  3220 | D:3      | Killed Terence
  3221 | D:3      | Reached skill level 7 in Axes
  3664 | D:3      | Found a sacrificial altar of Ru.
  3675 | D:3      | Noticed Ijyb
  3687 | D:3      | Killed Ijyb
  3797 | D:3      | Found a runed translucent gate.
  3797 | D:3      | Noticed Orlauf's ghost (weakling HOFi)
  3799 | D:3      | Identified the +3 leather armour of Sif Muna's Whim {rC+}
  3935 | D:3      | Found a runed translucent gate.
  3935 | D:3      | Found a runed translucent gate.
  3941 | D:3      | Found a roughly hewn altar of Beogh.
  4285 | D:4      | Reached XP level 6. HP: 48/49 MP: 8/8
  4443 | D:4      | Reached skill level 8 in Axes
  4660 | D:4      | Noticed a water moccasin
  4678 | D:3      | HP: 1/52 [poisoned by a water moccasin]
  4679 | D:3      | Succumbed to a water moccasin's poison

Illustrated notes

Levels and vault maps discovered:
D:1:      evilmike_arrival_plus, layout_loops_cross,
          ebering_ecumenical_altar_rust
D:2:      layout_basic, uniq_crazy_yiuf_cottage
D:3:      layout_basic, nicolae_ru_awakened_eye, biasface_ghost_orc_armoury,
          dk_noncrumbling_4, kennysheep_donut, corexii_leaking_fountain,
          uniq_terence, uniq_ijyb
D:4:      layout_loops_ring, hex_large, minmay_lizard_king, uniq_blork_the_orc,
          uniq_edmund

Skill      XL: |  1  2  3  4  5  6 |
---------------+-------------------+-----
Axes           | 3 4 5 6 7 8 |  8.3
Fighting       | |  3.7
Armour         | |  2.1
Dodging        | |  0.7
Stealth        | |  0.1
Invocations    | |  2.8

Action                   |  1- 3 |  4- 6 || total
-------------------------+-------+-------++-------
Melee: Hand axe          |   134 |   153 ||   287
Invok: Bend Space        |       |     1 ||     1
Evoke: Wand              |       |     3 ||     3
  Use: Scroll            |       |     5 ||     5
       Potion            |       |     1 ||     1
Armor: Leather armour    |    37 |       ||    37
       Scale mail        |    23 |    62 ||    85
Dodge: Dodged            |    84 |    51 ||   135

Table legend: (Time is in decaauts)
 A = Elapsed time spent in this place.
 B = Non-inter-level travel time spent in this place.
 C = Inter-level travel time spent in this place.
 D = Time resting spent in this place.
 E = Time spent auto-exploring this place.
 F = Levels seen in this place.
 G = Mean time per level.
                   A        B        C        D        E       F      G
               +--------+--------+--------+--------+--------+-----+--------+
         Total |   4692 |   4574 |    118 |   1672 |   2135 |   5 |  938.4 |
       Dungeon |   4648 |   4530 |    118 |   1672 |   2106 |   4 | 1162.0 |
         Abyss |     44 |     44 |      0 |      0 |     29 |   1 |   44.0 |
               +--------+--------+--------+--------+--------+-----+--------+

Top non-repeatable levels by time:
     D:2: 1609 daAuts
     D:3: 1606 daAuts
     D:1: 1159 daAuts
     D:4: 273 daAuts
 Abyss:1: 44 daAuts
